 Dungeon Crawl Stone Soup version 0.27-a0-1149-g4505690ab0 (webtiles) character file.

Game seed: 15900860727643821199

26 Lekart the Skirmisher (level 2, 0/27 HPs)
             Began as a Draconian Chaos Knight on May 13, 2021.
             Was a Plaything of Xom.
             Succumbed to an adder's poison
             ... on level 2 of the Dungeon.
             The game lasted 00:00:41 (950 turns).

Lekart the Skirmisher (Draconian Chaos Knight)       Turns: 950, Time: 00:00:41

Health: 0/27       AC:  4    Str: 14    XL:     2   Next: 89%
Magic:  2/2        EV: 12    Int: 12    God:    Xom [..*...]
Gold:   33         SH:  0    Dex: 10    Spells: 1/1 levels left

rFire    . . .     SeeInvis .   a - +0 falchion (chaos)
rCold    . . .     Faith    .   (no shield)
rNeg     . . .     Spirit   .   (armour unavailable)
rPois    .         Reflect  .   (helmet restricted)
rElec    .         Harm     .   (no cloak)
rCorr    .         Rampage  .   (no gloves)
Will     .....     Clarity  +   (no boots)
Stlth    +.........             (no amulet)
HPRegen  0.09/turn              (no ring)
MPRegen  0.08/turn              (no ring)

@: lethally poisoned (0 -> -1)
A: AC +4, unfitting armour, cold-blooded, clarity
a: Renounce Religion


You were on level 2 of the Dungeon.
You worshipped Xom.
You were a toy of Xom.
You visited 1 branch of the dungeon, and saw 2 of its levels.

You collected 33 gold pieces.

Inventory:

Hand Weapons
 a - a +0 falchion of chaos (weapon)
Jewellery
 b - a ring of magical power
 f - a +6 ring of dexterity
Potions
 d - 2 potions of magic {unknown}
 e - a potion of cancellation {unknown}


   Skills:
 * Level 4.0 Fighting
 + Level 3.4 Long Blades
 + Level 2.3 Dodging


You had one spell level left.
You didn't know any spells.
Your spell library was empty.

Dungeon Overview and Level Annotations

Branches:
Dungeon (2/15)

Altars:


Innate Abilities, Weirdness & Mutations

Your plain brown scales are hard. (AC +4)
You cannot fit into any form of body armour.
You are cold-blooded and may be slowed by cold attacks.
You possess an exceptional clarity of mind.


Message History

You barely miss the adder. The adder barely misses you.
An adder is nearby!
You hit the adder.
The adder goes berserk!
Xom thinks this is hilarious!
The adder is moderately wounded.
The adder bites you.
You are poisoned.
The adder poisons you! The adder barely misses you.
An adder is nearby!
You hit the adder. You tail-slap the adder.
The adder is severely wounded.
You feel sick. The adder bites you. The adder misses you.
The adder barely misses you.
An adder is nearby!
You miss the adder.
The adder is severely wounded.
You feel sick. The adder bites you. x2
* * * LOW HITPOINT WARNING * * *
An adder is nearby!
You are too injured to fight recklessly!
An adder is nearby!
You are too injured to fight recklessly!
You are too injured to fight recklessly!
You hit the adder.
The adder resists with some effort.
The adder is almost dead.
You feel sick. The adder bites you.
* * * LOW HITPOINT WARNING * * *
The adder closely misses you.
You hit the adder.
Space bends around the adder.
You kill the adder!
* * * LOW HITPOINT WARNING * * *
You feel sick.
Your Fighting skill increases to level 4!
* * * LOW HITPOINT WARNING * * *
You feel sick.
You see here an adder corpse.
It was a potion of mutation.
You feel extremely strange.
Your thoughts seem clearer.
You die...
Xom laughs nastily!

## # .. ###. #
#. ..# .# ≈♣##.
#.# .# #
♣≈≈...##.###.#.#
♣....@.......#
≈≈≈≈..##)......#
≈≈≈♣.#####.#.#.+
≈ ♣......<....#
♣....##.##..#
♣≈.. #.# .# ≈♣.
P.# # ≈P ≈.# ≈
♣≈P.


There were no monsters in sight!

Vanquished Creatures
  An adder (D:2)
  A giant cockroach (D:1)
  A goblin (D:1)
  2 hobgoblins (D:1)
  A quokka (D:1)
  3 ball pythons (D:1)
  4 bats (D:1)
  3 frilled lizards (D:1)
  2 kobolds
  2 rats (D:1)
20 creatures vanquished.

Notes
Turn   | Place    | Note
-------+----------+-------------------------------------------
     0 | D:1      | Lekart the Draconian Chaos Knight began the quest for the
                  | Orb.
     0 | D:1      | Reached XP level 1. HP: 19/19 MP: 1/1
    97 | D:1      | XOM: silly message
   114 | D:1      | Found a faded altar of an unknown god.
   153 | D:1      | XOM: divination: detect items
   322 | D:1      | XOM: silly message
   458 | D:1      | Reached XP level 2. HP: 26/27 MP: 2/2
   949 | D:2      | Reached skill level 4 in Fighting
   949 | D:2      | HP: 1/27 [poisoned by an adder]
   950 | D:2      | Gained mutation: You possess an exceptional clarity of
                  | mind. [potion of mutation]
   950 | D:2      | Succumbed to an adder's poison

Illustrated notes

Levels and vault maps discovered:
D:1:      wheals_arrival_linesprint, layout_basic,
          ebering_ecumenical_altar_hall, kennysheep_boxes
D:2:      layout_loops_ring, serial_bayou, serial_bayou_shore_a,
          serial_bayou_pond_d, serial_bayou_pond_d, serial_bayou_lake_a,
          minmay_quadrilaterals

Skill      XL: |  1  2 |
---------------+-------+-----
Fighting       | 4 |  4.0
Long Blades    | |  3.4
Dodging        | |  2.3

Action                   || total
-------------------------++-------
Melee: Falchion          ||    54
       Tailslap          ||     7
  Use: Potion            ||     1
Armor: Skin              ||    18
Dodge: Dodged            ||    37
       Rpst.: Falchion   ||    10

Table legend: (Time is in decaauts)
 A = Elapsed time spent in this place.
 B = Non-inter-level travel time spent in this place.
 C = Inter-level travel time spent in this place.
 D = Time resting spent in this place.
 E = Time spent auto-exploring this place.
 F = Levels seen in this place.
 G = Mean time per level.
                   A        B        C        D        E       F      G
               +--------+--------+--------+--------+--------+-----+--------+
         Total |    957 |    932 |     25 |      0 |    807 |   2 |  478.5 |
       Dungeon |    957 |    932 |     25 |      0 |    807 |   2 |  478.5 |
               +--------+--------+--------+--------+--------+-----+--------+

Top non-repeatable levels by time:
     D:1: 943 daAuts
     D:2: 13 daAuts
